 Dungeon Crawl Stone Soup version 0.24-a0-484-g962a3eeff7 (webtiles) character file.

Game seed: 7448321902244206847

164749 ChocolateEater the Geomancer (level 17, -5/106 HPs)
             Began as a Gargoyle Earth Elementalist on July 9, 2019.
             Was the Champion of Vehumet.
             Shot with an arrow by a deep elf master archer (13 damage)
             ... on level 3 of the Elven Halls.
             The game lasted 01:45:45 (35714 turns).

ChocolateEater the Geomancer (GrEE)                Turns: 35714, Time: 01:45:46

Health: -5/106     AC: 28    Str: 13    XL:     17   Next: 86%
Magic:  21/35      EV: 16    Int: 24    God:    Vehumet [******]
Gold:   5752       SH:  0    Dex: 10    Spells: 8/39 levels left

rFire    + . .     SeeInvis .   n - +4 great mace
rCold    + . .     Gourm    .   (shield currently unavailable)
rNeg     + . .     Faith    .   F - +1 robe {MR+}
rPois    ∞         Spirit   .   X - +2 helmet
rElec    +         Reflect  .   m - +2 cloak {MR+}
rCorr    .         Harm     .   y - +1 pair of gloves
MR       +++..                  i - +2 pair of boots
Stlth    ++........             r - amulet of magic regeneration
HPRegen  0.27/turn              T - +2 ring of intelligence
MPRegen  0.49/turn              W - ring "Jaytua" {rF+ rC+}

@: flying
A: big wings, hooves 1, high mp 1, negative energy resistance 1, electricity
resistance, unbreathing, petrification resistance, rot immunity, AC +12
a: Stop Flying, Renounce Religion


You were on level 3 of the Elven Halls.
You worshipped Vehumet.
Vehumet was exalted by your worship.
You were very hungry.

You visited 5 branches of the dungeon, and saw 27 of its levels.
You also visited: Ossuary and Ice Cave.

You collected 6887 gold pieces.
You spent 1135 gold pieces at shops.

Inventory:

Hand Weapons
 k - a +0 morningstar
 n - a +4 great mace (weapon)
 J - the +6 war axe "Wueni" {drain, +Inv SInv}
   (You found it on level 15 of the Dungeon)

   A truly terrible weapon, it drains the life of those it strikes.
   It lets you see invisible.
   It lets you turn invisible.
Missiles
 b - 66 stones (quivered)
 P - 2 throwing nets
Armour
 i - a +2 pair of boots (worn)
 m - a +2 cloak of magic resistance (worn)
 y - a +1 pair of gloves (worn)
 F - a +1 robe of magic resistance (worn)
 X - a +2 helmet (worn)
Magical Staves
 B - an uncursed staff of wizardry
Jewellery
 a - an uncursed ring of protection from cold
 r - an amulet of magic regeneration (around neck)
 T - a +2 ring of intelligence (left hand)
 W - the ring "Jaytua" (right hand) {rF+ rC+}
   (You took it off a deep elf elementalist on level 3 of the Elven Halls)

   [ring of protection from cold]

   It protects you from fire.
   It protects you from cold.
Wands
 l - a wand of polymorph (2)
 z - a wand of acid (7)
 E - a wand of enslavement (8)
 G - a wand of iceblast (24)
 H - a wand of scattershot (5)
 I - a wand of disintegration (17)
 K - a wand of paralysis (14)
 O - a wand of digging (3)
 Q - a wand of random effects (11)
Scrolls
 e - a scroll of holy word
 h - 21 scrolls of identify
 o - 5 scrolls of immolation
 p - 9 scrolls of remove curse
 q - 6 scrolls of blinking
 s - 9 scrolls of teleportation
 u - 2 scrolls of magic mapping
 x - 7 scrolls of amnesia
 A - 2 scrolls of fog
 D - 5 scrolls of fear
Potions
 c - 2 potions of invisibility
 f - 5 potions of brilliance
 g - 5 potions of heal wounds
 j - 9 potions of curing
 t - 2 potions of magic
 w - 8 potions of ambrosia
 L - a potion of berserk rage
 N - a potion of agility
 R - 5 potions of mutation
 U - a potion of might
 V - 2 potions of resistance
 Y - 2 potions of cancellation
Miscellaneous
 v - a phantom mirror
 C - a lightning rod (4/4)
 M - a phial of floods
 S - a fan of gales
Comestibles
 d - 30 rations


   Skills:
 + Level 11.8 Fighting
 + Level 11.0 Maces & Flails
 - Level 6.0 Armour
 + Level 9.5 Dodging
 - Level 2.1 Stealth
 + Level 11.5 Spellcasting
 + Level 13.1 Conjurations
   Level 0.7 Transmutations
 * Level 12.6 Fire Magic
 + Level 14.5 Earth Magic
 - Level 6.0 Evocations


You had 8 spell levels left.
You knew the following spells:

 Your Spells              Type           Power        Failure   Level  Hunger
a - Sandblast             Erth           ######       0%          1    None
b - Stone Arrow           Conj/Erth      ######       1%          3    None
c - Lee's Rapid Deconstr  Erth           ######....   1%          5    ####...
d - Iron Shot             Conj/Erth      ######....   1%          6    #####..
e - Fireball              Conj/Fire      ######....   1%          5    ####...
f - Poison Arrow          Conj/Pois      #####.....   13%         6    #####..
g - Bolt of Magma         Conj/Fire/Erth ######....   1%          5    ####...

Your spell library contained the following spells:

 Spells                   Type           Power        Failure   Level  Hunger
 Spellforged Servitor     Conj/Summ      #####.....   52%         7    #######
 Magic Dart               Conj           ####         0%          1    None
 Passwall                 Tmut/Erth      ######..     1%          2    None
 Conjure Flame            Conj/Fire      ######..     1%          3    None
 Dazzling Spray           Conj/Hex       #####.       1%          3    None
 Mephitic Cloud           Conj/Pois/Air  ####....     1%          3    None
 Static Discharge         Conj/Air       #####...     1%          3    None
 Petrify                  Tmut/Erth      ######..     1%          4    None
 Leda's Liquefaction      Hex/Erth       #####.....   2%          4    None
 Irradiate                Conj/Tmut      #####.....   2%          5    ####...
 Lightning Bolt           Conj/Air       #####.....   2%          5    ####...
 Beastly Appendage        Tmut           ###...       3%          1    None
 Animate Skeleton         Necr           N/A          4%          1    None
 Apportation              Tloc           ##....       4%          1    None
 Confusing Touch          Hex            ##....       4%          1    None
 Corona                   Hex            ##.....      4%          1    None
 Infusion                 Chrm           ##..         4%          1    None
 Summon Small Mammal      Summ           ##..         4%          1    None
 Sticks to Snakes         Tmut           ###.....     4%          2    None
 Blink                    Tloc           N/A          7%          2    None
 Call Imp                 Summ           ##......     7%          2    None
 Corpse Rot               Necr           N/A          7%          2    None
 Ensorcelled Hibernation  Hex/Ice        ##....       7%          2    None
 Poisonous Vapours        Pois/Air       ##....       7%          2    None
 Shroud of Golubria       Chrm/Tloc      ##....       7%          2    None
 Slow                     Hex            ##......     7%          2    None
 Song of Slaying          Chrm           ##......     7%          2    None
 Bolt of Cold             Conj/Ice       #####.....   13%         6    #####..
 Call Canine Familiar     Summ           ##......     14%         3    None
 Confuse                  Hex            ##......     14%         3    None
 Gell's Gravitas          Tloc           ##........   14%         3    None
 Regeneration             Chrm/Necr      ##........   14%         3    None
 Spectral Weapon          Hex/Chrm       ##......     14%         3    None
 Summon Guardian Golem    Hex/Summ       ##......     14%         3    None
 Tukima's Dance           Hex            ##......     14%         3    None
 Yara's Violent Unravell  Hex/Tmut       ###.......   28%         5    ####...
 Freezing Cloud           Conj/Ice/Air   ####......   28%         6    #####..
 Ice Form                 Ice/Tmut       ###.....     36%         4    None
 Ignition                 Fire           ######....   38%         8    #######
 Summon Ice Beast         Ice/Summ       ##......     41%         4    None
 Summon Lightning Spire   Summ/Air       ##......     41%         4    None
 Alistair's Intoxication  Tmut/Pois      ###.....     73%         5    ####...
 Metabolic Englaciation   Hex/Ice        ##........   77%         5    ####...
 Summon Forest            Summ/Tloc      ##........   77%         5    ####...
 Ozocubu's Refrigeration  Ice            ##........   83%         6    #####..
 Ring of Flames           Chrm/Fire      #####.....   96%         7    #######
 Hydra Form               Tmut           ###.......   99%         6    #####..
 Simulacrum               Ice/Necr       ##........   100%        6    #####..
 Dragon Form              Tmut           ###.......   100%        7    #######
 Summon Hydra             Summ           ##........   100%        7    #######
 Shatter                  Erth           ######....   94%         9    #######
 Tornado                  Air            ##........   100%        9    #######
 Statue Form              Tmut/Erth      Unusable     N/A         6    N/A

Dungeon Overview and Level Annotations

Branches:
Dungeon (15/15)            Temple (1/1) D:7            Lair (6/6) D:11
  Swamp (0/4) Lair:4        Snake (0/4) Lair:2        Slime (0/5) Lair:5
    Orc (2/2) D:12            Elf (3/3) Orc:2        Vaults (0/5) D:14
 Depths (0/5) D:15

Altars:
Ashenzari
Cheibriados
Dithmenos
Elyvilon
Fedhas
Gozag
Hepliaklqana
Kikubaaqudgha
Makhleb
Nemelex Xobeh
Okawaru
Qazlal
Ru
Sif Muna
Trog
Uskayaw
Vehumet
Xom
Yredelemnul
Zin
The Shining One
Beogh

Shops:
D:5 !   Orc:2 }}:}   Elf:1 }==

Portals:
Trove: Elf:3 (give +7 demon trident)

Annotations:
Lair:5 1 runed translucent door, Gynju's ghost, journeyman MiFi
Elf:2 3 runed translucent doors


Innate Abilities, Weirdness & Mutations

You are resistant to torment.
Your stone body is resilient. (AC +12)
You are immune to poison.
Your large and strong wings let you fly indefinitely.
You resist negative energy. (rN+)
You are resistant to electric shocks. (rElec)
You can survive without breathing.
You are immune to petrification.
You are immune to rotting.
You have large cloven feet.
You have an increased reservoir of magic. (+10% MP)


Message History

The fireball engulfs the deep elf master archer!
The deep elf master archer is heavily wounded.
The deep elf master archer shoots an arrow.
The arrow hits you.
* * * LOW HITPOINT WARNING * * *
The deep elf master archer shoots an arrow.
The arrow hits you!
* * * LOW HITPOINT WARNING * * *
Casting: Fireball (safe; 1% risk of failure)
Confirm with . or Enter, or press ? or * to list all spells.
Aiming: Fireball (safe; 1% risk of failure)
Press: ? - help, Shift-Dir - straight line, f/p - deep elf master archer
Aim: a deep elf master archer, wielding a +0 longbow and wearing a +0 chain mail (moderately wounded)
The fireball explodes!
The fireball engulfs the deep elf master archer!!!
The deep elf master archer is almost dead.
You are feeling very hungry.
The deep elf master archer shoots an arrow.
The arrow hits you!
You die...

..)....⌠.........'.##...#..#≈≈,,,
.................#)####'#..#≈≈,,,
.....))).....^..##.##...+..#≈≈,,,
.######)######.###.##...#..#≈≈,,,
##...≈≈.≈≈...#.# #.##...#..#≈≈,,,
.....≈≈)≈≈.....###.##..)#..#≈≈,,,
##...≈≈.≈≈)..###...##...#..#≈≈,,,
##..)≈≈.≈≈)).# #...##...#..#≈≈,,,
#######.###### #@).###'##..#≈≈...
#######.#******#'####...'..#≈≈...
.)...##.##%)%.}e)).##...#..#≈≈...
.....##.##=|:[}?|}[##...#..#≈≈...
.}...##.##=([%[)?}$##...#..#≈≈...
)...|##.##$}|):(=[)##...#..'.....
#######)#############...#..'.....
*#...## #...#..'..... #..#..#
#...#..#≈≈...


You could see a deep elf master archer.

Vanquished Creatures
  2 deep elf blademasters (Elf:3)
  A deep elf master archer (Elf:3)
  2 deep elf sorcerers
  2 deep elf elementalists (Elf:3)
  Nessos (Lair:5)
  2 deep elf demonologists
  Azrael (Orc:2)
  A dire elephant (D:15)
  5 deep elf annihilators
  An ettin (D:14)
  6 deep elf death magi
  3 deep elf high priests
  2 fire dragons
  A great orb of eyes (D:15)
  A vault guard (D:14)
  14 hydras
  A catoblepas (Lair:6)
  A centaur warrior (D:14)
  10 dancing weapons
  A tengu warrior (D:15)
  3 two-headed ogres
  3 death yaks
  Urug (D:10)
  5 orc high priests (Orc:2)
  7 deep elf knights
  A fire crab (Lair:6)
  5 skeletal warriors
  An unseen horror (D:13)
  A small abomination (Elf:3)
  A wizard (D:14)
  10 deep elf archers
  A lindwurm (D:14)
  10 orc knights
  10 ugly things
  49 deep elf magi
  A cyclops (D:14)
  2 oklob plants (Lair:6)
  A wolf spider (D:15)
  2 orc sorcerers
  2 manticores
  A salamander (D:15)
  3 centaur zombies (D:13)
  Maurice (Orc:1)
  2 ice statues (IceCv)
  16 elephants
  A torpor snail (Lair:5)
  7 black mambas
  2 molten gargoyles (Lair:6)
  A torpor snail (shapeshifter) (Elf:1)
  2 gargoyles (D:11)
  17 spiny frogs
  An efreet (D:14)
  A kobold demonologist (D:12)
  3 rime drakes
  11 komodo dragons
  A rime drake (shapeshifter) (Elf:1)
  A yaktaur (D:15)
  A guardian mummy (Elf:3)
  3 tengu conjurers (D:15)
  A tyrant leech (Lair:4)
  3 meliai (D:15)
  4 polar bears
  A merfolk (D:15)
  6 trolls
  17 blink frogs
  10 hippogriffs
  A hippogriff (shapeshifter) (D:14)
  A meliai zombie (D:13)
  A shadow (D:13)
  A spriggan (D:11)
  3 water elementals
  Sigmund (D:3)
  5 wyverns
  2 centaur simulacra (D:13)
  4 wraiths
  48 yaks
  8 basilisks
  5 fire elementals
  A steam dragon (Lair:6)
  5 hungry ghosts
  7 vampire mosquitoes
  2 swamp worms (Lair:4)
  5 wargs
  21 water moccasins
  2 acid dragons
  8 hell hounds
  4 nagas (Lair:2)
  9 porcupines
  3 sky beasts
  12 ice beasts
  47 orc warriors
  A hornet zombie (D:12)
  5 black bears
  3 eyes of draining
  11 wolves
  5 centaurs
  10 ogres
  13 crocodiles
  14 bullfrogs
  6 big kobolds
  An earth elemental (Elf:2)
  A hornet simulacrum (D:13)
  3 wyvern skeletons
  4 scorpions
  A water moccasin skeleton (D:5)
  10 wights
  6 killer bees
  7 electric eels
  5 howler monkeys
  5 lava snakes (Lair:6)
  8 crimson imps
  3 bullfrog zombies
  14 jellies
  2 quasits
  6 hounds
  A gnoll shaman (Orc:2)
  32 orc priests
  3 bullfrog skeletons
  29 orc wizards
  Jessica (D:3)
  3 centaur skeletons
  3 iguanas
  7 worker ants
  A hell rat (Lair:3)
  A bullfrog simulacrum (D:13)
  2 hound zombies (D:9)
  A hound skeleton (D:6)
  A mummy (Ossuary)
  A howler monkey zombie (D:11)
  3 gnolls (Orc:2)
  12 adders
  8 river rats (Lair:3)
  5 shadow imps
  4 white imps (D:13)
  3 ufetubi (D:13)
  3 oozes
  5 worms
  2 dart slugs (D:1)
  8 leopard geckos
  118 orcs
  8 giant cockroaches
  8 goblins
  12 hobgoblins
  12 jackals
  3 quokkas
  6 bats
  7 frilled lizards
  9 gnoll skeletons (Ossuary)
  A jackal skeleton (D:4)
  20 kobolds
  8 kobold skeletons (Ossuary)
  8 orc skeletons (Ossuary)
  9 rats
  5 fungi
  A plant (Lair:6)
1015 creatures vanquished.

Vanquished Creatures (collateral kills)
  2 yaks (Lair:2)
  2 electric eels (D:15)
4 creatures vanquished.

Vanquished Creatures (others)
  An ugly thing (D:13)
  A polar bear (D:13)
  3 yaks
  A wyvern (D:13)
  A soldier ant (D:13)
  A black bear (D:13)
  An ogre (D:13)
  A human (D:8)
  A bullfrog (D:13)
  A worker ant (D:13)
  4 orcs
  A bush (Elf:2)
  19 fungi
  17 plants
53 creatures vanquished.

Grand Total: 1072 creatures vanquished

Notes
Turn   | Place    | Note
-------+----------+-------------------------------------------
     0 | D:1      | ChocolateEater the Gargoyle Earth Elementalist began the
                  | quest for the Orb.
     0 | D:1      | Reached XP level 1. HP: 10/10 MP: 3/3
   260 | D:1      | Reached skill level 4 in Earth Magic
   260 | D:1      | Reached XP level 2. HP: 8/15 MP: 1/5
  1134 | D:1      | Reached XP level 3. HP: 10/19 MP: 4/6
  1139 | D:1      | Learned a level 3 spell: Stone Arrow
  1877 | D:2      | Reached XP level 4. HP: 14/24 MP: 3/8
  2075 | D:2      | Found a faded altar of an unknown god.
  2458 | D:2      | Reached skill level 1 in Conjurations
  2849 | D:3      | Reached skill level 5 in Earth Magic
  2892 | D:3      | Noticed Sigmund
  2899 | D:3      | Killed Sigmund
  2899 | D:3      | Reached XP level 5. HP: 15/28 MP: 3/10
  2899 | D:3      | Reached XP level 6. HP: 17/32 MP: 3/11
  3692 | D:3      | Found a hide-covered altar of Uskayaw.
  3692 | D:3      | Found a glowing golden altar of the Shining One.
  3692 | D:3      | Noticed Jessica
  3694 | D:3      | Killed Jessica
  3694 | D:3      | Reached skill level 6 in Earth Magic
  4010 | D:4      | Reached XP level 7. HP: 31/36 MP: 8/13
  4615 | D:5      | Entered Level 5 of the Dungeon
  4620 | D:5      | Noticed Eustachio
  4622 | D:5      | Noticed Eustachio
  4622 | D:5      | Eustachio changed into Eustachio the centaur
  4627 | D:5      | Killed Eustachio the centaur
  4662 | D:5      | Reached skill level 7 in Earth Magic
  4687 | D:5      | Found Sesooray's Distillery.
  4696 | D:5      | Bought a potion of heal wounds for 65 gold pieces
  4696 | D:5      | Bought 2 potions of heal wounds for 130 gold pieces
  5022 | D:5      | Reached skill level 5 in Spellcasting
  5052 | D:6      | Reached XP level 8. HP: 38/41 MP: 11/15
  5056 | D:6      | Reached skill level 5 in Conjurations
  5198 | D:6      | Found a sand-covered staircase.
  5204 | Ossuary  | Entered an ossuary
  5204 | Ossuary  | Noticed a wraith
  5204 | Ossuary  | Noticed a wraith
  5204 | Ossuary  | Noticed a wraith
  5243 | Ossuary  | Gained mutation: You have an increased reservoir of magic.
                  | (+10% MP) [potion of mutation]
  5243 | Ossuary  | Gained mutation: You have large cloven feet. [potion of
                  | mutation]
  5573 | Ossuary  | Noticed a wraith
  5580 | Ossuary  | Killed a wraith
  5772 | D:6      | Reached skill level 1 in Fighting
  5881 | D:6      | Found a glowing golden altar of the Shining One.
  5907 | D:6      | Reached skill level 1 in Armour
  5907 | D:6      | Reached skill level 8 in Earth Magic
  6093 | D:6      | Reached skill level 1 in Maces & Flails
  6375 | D:6      | Identified a scroll of acquirement
  6618 | D:6      | Reached skill level 1 in Evocations
  6700 | D:7      | Found a shimmering altar of Xom.
  6700 | D:7      | Noticed a hippogriff
  6704 | D:7      | Killed a hippogriff
  6704 | D:7      | Reached XP level 9. HP: 48/48 MP: 12/19
  7129 | D:7      | Found a burning altar of Makhleb.
  7131 | D:7      | Found an iron altar of Okawaru.
  7181 | D:7      | Found a staircase to the Ecumenical Temple.
  7313 | Temple   | Entered the Ecumenical Temple
  7493 | Temple   | Became a worshipper of Vehumet
  8153 | D:8      | Learned a level 5 spell: Lee's Rapid Deconstruction
  8794 | D:8      | Found an ancient bone altar of Kikubaaqudgha.
  9052 | D:9      | Reached XP level 10. HP: 50/56 MP: 4/21
  9170 | D:9      | Reached skill level 9 in Earth Magic
  9172 | D:9      | Reached * piety under Vehumet
  9172 | D:9      | Offered knowledge of Freeze by Vehumet.
 10014 | D:10     | Entered Level 10 of the Dungeon
 10261 | D:10     | Noticed Urug
 10261 | D:10     | Noticed a two-headed ogre
 10265 | D:10     | Killed Urug
 10265 | D:10     | Reached ** piety under Vehumet
 10265 | D:10     | Offered knowledge of Sting by Vehumet.
 10269 | D:10     | Killed a two-headed ogre
 10269 | D:10     | Reached skill level 5 in Armour
 10269 | D:10     | Reached XP level 11. HP: 42/62 MP: 21/23
 11275 | D:10     | Reached skill level 5 in Fighting
 11348 | D:11     | Found a staircase to the Lair.
 11363 | D:11     | Noticed a death yak
 11372 | D:11     | Killed a death yak
 11473 | D:11     | Offered knowledge of Conjure Flame by Vehumet.
 11635 | D:11     | Noticed a manticore
 11670 | D:11     | Reached *** piety under Vehumet
 11698 | D:11     | Killed a manticore
 11776 | D:11     | Reached skill level 10 in Earth Magic
 11783 | D:11     | Noticed a six-headed hydra
 11790 | D:11     | Killed a six-headed hydra
 11790 | D:11     | Reached skill level 5 in Maces & Flails
 11844 | D:11     | Offered knowledge of Static Discharge by Vehumet.
 11999 | D:11     | Reached skill level 5 in Dodging
 12344 | D:11     | Noticed a cyan ugly thing
 12354 | D:11     | Killed a cyan ugly thing
 12357 | D:11     | Reached skill level 5 in Evocations
 12634 | D:12     | Reached **** piety under Vehumet
 12634 | D:12     | Reached XP level 12. HP: 53/70 MP: 9/25
 12824 | D:12     | Offered knowledge of Venom Bolt by Vehumet.
 13326 | D:12     | Learned a level 5 spell: Venom Bolt
 13679 | D:12     | Found a staircase to the Orcish Mines.
 13682 | D:12     | Found a roughly hewn altar of Beogh.
 13940 | D:13     | Found a frozen archway.
 13971 | IceCv    | Entered an ice cave
 13989 | IceCv    | Reached ***** piety under Vehumet
 13989 | IceCv    | Offered knowledge of Fireball by Vehumet.
 13997 | IceCv    | Learned a level 5 spell: Fireball
 14001 | IceCv    | Found a transporter.
 14037 | IceCv    | Reached skill level 1 in Fire Magic
 14403 | IceCv    | Found a transporter.
 14449 | D:13     | Noticed a six-headed hydra
 14452 | D:13     | Killed a six-headed hydra
 14452 | D:13     | Reached skill level 11 in Earth Magic
 14616 | D:13     | Noticed a five-headed hydra
 14623 | D:13     | Killed a five-headed hydra
 14761 | D:13     | Noticed a two-headed ogre
 14762 | D:13     | Reached XP level 13. HP: 75/76 MP: 26/28
 14767 | D:13     | Found an opulent altar of Gozag.
 15760 | D:13     | Found a shimmering altar of Xom.
 15937 | D:14     | Reached skill level 10 in Conjurations
 16266 | D:14     | Reached skill level 5 in Fire Magic
 17050 | D:14     | Offered knowledge of Poison Arrow by Vehumet.
 17062 | D:14     | Learned a level 6 spell: Poison Arrow
 17066 | D:14     | Noticed a vault guard
 17083 | D:14     | Killed a vault guard
 17224 | D:14     | Noticed an ettin
 17234 | D:14     | Killed an ettin
 17302 | D:14     | Found a gate to the Vaults.
 17661 | Lair:1   | Entered Level 1 of the Lair of Beasts
 18446 | Lair:1   | Gained mutation: Your large and strong wings let you fly
                  | indefinitely. [Gargoyle growth]
 18446 | Lair:1   | Reached XP level 14. HP: 63/84 MP: 29/29
 18865 | Lair:2   | Reached skill level 12 in Earth Magic
 19163 | Lair:2   | Found a staircase to the Snake Pit.
 20587 | Lair:3   | Found a stormy altar of Qazlal.
 21972 | Lair:4   | Offered knowledge of Bolt of Magma by Vehumet.
 22003 | Lair:4   | Learned a level 5 spell: Bolt of Magma
 22387 | Lair:4   | Found a staircase to the Swamp.
 22890 | Lair:5   | Noticed Nessos
 22902 | Lair:5   | Killed Nessos
 22933 | Lair:5   | Reached XP level 15. HP: 79/91 MP: 4/31
 23166 | Lair:5   | Found a runed translucent door.
 23193 | Lair:5   | Noticed Gynju's ghost (journeyman MiFi)
 23479 | Lair:5   | Found a staircase to the Slime Pits.
 23954 | Lair:6   | Entered Level 6 of the Lair of Beasts
 23979 | Lair:6   | Reached skill level 10 in Spellcasting
 25146 | Lair:6   | Reached skill level 13 in Earth Magic
 25358 | Lair:6   | Offered knowledge of Iron Shot by Vehumet.
 25368 | Lair:6   | Learned a level 6 spell: Iron Shot
 25711 | Lair:6   | Found a basalt altar of Yredelemnul.
 25791 | Lair:6   | Reached skill level 10 in Fighting
 25920 | Lair:6   | Found a large runed translucent door.
 25920 | Lair:6   | Found a large runed translucent door.
 26622 | Orc:1    | Entered Level 1 of the Orcish Mines
 26623 | Orc:1    | Noticed Maurice
 26627 | Orc:1    | Killed Maurice
 26834 | Orc:2    | Entered Level 2 of the Orcish Mines
 27224 | Orc:1    | Reached skill level 10 in Fire Magic
 27608 | Orc:2    | Found a staircase to the Elven Halls.
 27789 | Orc:2    | Offered knowledge of Orb of Destruction by Vehumet.
 27889 | Orc:2    | Noticed Azrael
 27894 | Orc:2    | Killed Azrael
 28721 | Orc:1    | Reached XP level 16. HP: 76/98 MP: 9/33
 29372 | Orc:2    | Found Cumour's Gadget Emporium.
 29375 | Orc:2    | Found Moseny's Book Shoppe.
 29375 | Orc:2    | Found Ynail's Gadget Emporium.
 29376 | Orc:2    | Found Caadwimoto's Gadget Emporium.
 29396 | Orc:2    | Bought a book of the Tempests for 770 gold pieces
 29564 | D:15     | Entered Level 15 of the Dungeon
 29593 | D:15     | Found a staircase to the Depths.
 29744 | D:15     | Got an ichor-stained war axe
 29745 | D:15     | Identified the +6 war axe "Wueni" {drain, +Inv SInv} (You
                  | found it on level 15 of the Dungeon)
 30487 | D:15     | Reached skill level 10 in Maces & Flails
 31143 | Elf:1    | Entered Level 1 of the Elven Halls
 31151 | Elf:1    | Reached ****** piety under Vehumet
 31338 | Elf:1    | Found a radiant altar of Vehumet.
 31468 | Elf:1    | Offered knowledge of Spellforged Servitor by Vehumet.
 32141 | Elf:1    | Found Veqe's Jewellery Shoppe.
 32142 | Elf:1    | Found Adorch's Gadget Boutique.
 32143 | Elf:1    | Found Riamor's Jewellery Shoppe.
 32155 | Elf:1    | Bought a cursed ring of teleportation for 85 gold pieces
 32155 | Elf:1    | Bought a cursed ring of attention for 85 gold pieces
 32615 | Elf:2    | Reached XP level 17. HP: 95/104 MP: 9/35
 32616 | Elf:2    | Reached skill level 14 in Earth Magic
 33847 | Elf:2    | Found a runed translucent gate.
 33847 | Elf:2    | Found a runed translucent gate.
 33847 | Elf:2    | Found a runed translucent gate.
 33889 | Elf:3    | Entered Level 3 of the Elven Halls
 34070 | Elf:3    | Found a portal to a secret trove of treasure.
 35148 | Elf:3    | Noticed a deep elf blademaster
 35159 | Elf:3    | Killed a deep elf blademaster
 35322 | Elf:3    | Identified the +6 war axe of Luxury {protect, +Rage rPois
                  | Str+3 Int+2}
 35322 | Elf:3    | Identified the ring "Jaytua" {rF+ rC+}
 35399 | Elf:3    | Identified the +6 chain mail "Ziho Qou" {*Contam rElec MR+
                  | Regen+}
 35446 | Elf:3    | Noticed a deep elf master archer
 35451 | Elf:3    | Killed a deep elf master archer
 35453 | Elf:3    | Identified the Papyrus of Changing
 35634 | Elf:3    | Noticed a deep elf blademaster
 35638 | Elf:3    | Killed a deep elf blademaster
 35643 | Elf:3    | Noticed a deep elf master archer
 35714 | Elf:3    | Shot with an arrow by a deep elf master archer

Levels and vault maps discovered:
D:1:      dpeg_arrival_brainrot, layout_rooms
D:2:      layout_basic, chequers_ecumenical_altar_simple_redux, first_ration
D:3:      layout_loops_cross, amethyst_overflow_temple_binary, uniq_sigmund,
          uniq_jessica
D:4:      layout_cave_pools, serial_rivers, chequers_serial_rivers_room_b,
          chequers_serial_rivers_room_a, chequers_serial_rivers_micro_c,
          chequers_serial_rivers_room_a, minmay_cupped
D:5:      layout_basic, serial_shops, nicolae_shop_stone, uniq_eustachio
D:6:      layout_loops_ring, nicolae_ossuary_entry_plus,
          nicolae_tso_carved_into_rock
D:7:      layout_basic, nicolae_overflow_hidden_temple, temple_doors_cd,
          basic_altar
D:8:      layout_gridville, tgw_kikubaaqudgha
D:9:      layout_loops_ring
D:10:     layout_small_grid, nicolae_water_bricks, uniq_urug
D:11:     layout_roguey, david_lair_generic, the_bakery, serial_bayou_pond_e,
          minmay_orc_keep
D:12:     layout_loops_ring, minmay_orc_entry_temple_small
D:13:     layout_basic, portal_ice_cave_entry_pillars_1, serial_ice,
          serial_ice_b, serial_ice_m, serial_ice_g, serial_ice_k, serial_ice_d,
          serial_ice_a, serial_ice_n, serial_ice_o, serial_ice_c, serial_ice_f,
          basic_altar, xom_confusion_cloud
D:14:     layout_loops_ring, david_vaults_4, minmay_staircase_bubble
D:15:     hangedman_depths_entry_try_elsewhere_first, layout_basic,
          st_stairs_14, minmay_misc_feat_hallway
Temple:   dpeg_five_rooms_temple
Lair:1:   layout_regular_city, lemuel_old_faithful
Lair:2:   layout_roguey, minmay_snake_entry_guardpost_small,
          lemuel_fruit_fields, grunt_megastairs_4
Lair:3:   layout_regular_city, basic_altar, kennysheep_rathole,
          lemuel_fruit_tree, grunt_megastairs_3
Lair:4:   layout_roguey, palyth_hydra_swamp_entry
Lair:5:   layout_hall_layers, minmay_slime_entry_jelly_boxes,
          ebering_ghost_reflecting_pool, grunt_forest_small_clearings,
          minivault_25, minmay_hedge_maze, grunt_forest_stairs_basic,
          chequers_serial_rivers_micro_c, chequers_serial_rivers_micro_b,
          uniq_nessos
Lair:6:   cheibrodos_lair_end_hotspot, layout_loops_ring, basic_altar,
          minmay_lair_oklob_chamber
Orc:1:    layout_caves, uniq_maurice
Orc:2:    st_orc_pillars, layout_caves, uniq_azrael
Elf:1:    eino_elf_arrival_altar, layout_loops_ring, hangedman_elf_represent,
          minmay_shop_grove
Elf:2:    layout_geoelf_octagon
Elf:3:    elf_hall_gauntlet_narrow, layout_geoelf_castle,
          nicolae_trove_entry_path_of_doom

Skill      XL: |  1  2  3  4  5  6  7  8  9 10 11 12 13 14 15 16 17 |
---------------+----------------------------------------------------+-----
Earth Magic    | 4 5 6 7 8 9 10 11 12 13 14 | 14.5
Spellcasting   | 3 4 5 6 7 8 9 10 11 | 11.5
Conjurations   | 2 3 4 6 7 8 9 10 11 12 13 | 13.1
Fighting       | 1 3 4 6 7 8 9 10 11 | 11.8
Armour         | 2 3 5 6 |  6.0
Maces & Flails | 1 3 4 5 6 7 8 9 10 11 | 11.0
Dodging        | 2 3 4 5 6 7 8 9 |  9.5
Evocations     | 1 2 4 5 6 |  6.0
Fire Magic     | 3 6 8 10 11 12 | 12.6
Stealth        | |  2.1
Transmutations | |  0.7

Action                   |  1- 3 |  4- 6 |  7- 9 | 10-12 | 13-15 | 16-18 || total
-------------------------+-------+-------+-------+-------+-------+-------++-------
Melee: Dagger            |    89 |   163 |    49 |       |       |       ||   301
       Great sword       |       |       |   137 |   286 |   419 |    68 ||   910
       Kick              |       |       |    13 |       |       |       ||    13
       Morningstar       |       |       |       |       |    11 |       ||    11
       Great mace        |       |       |       |       |       |    23 ||    23
 Cast: Sandblast         |    34 |    37 |    76 |   103 |   379 |    65 ||   694
       Stone Arrow       |       |     1 |    18 |    22 |    18 |       ||    59
       Lee's Rapid Decon |       |       |     5 |    89 |   120 |    69 ||   283
       Fireball          |       |       |       |     3 |    73 |    48 ||   124
       Venom Bolt        |       |       |       |       |     4 |       ||     4
       Bolt of Magma     |       |       |       |       |    48 |    11 ||    59
       Iron Shot         |       |       |       |       |    37 |   145 ||   182
 Abil: Fly               |       |       |       |       |     1 |       ||     1
Evoke: Wand              |     2 |       |     9 |    12 |    11 |    14 ||    48
       Phial of floods   |       |       |       |       |       |     1 ||     1
  Use: Scroll            |     4 |     2 |    12 |     6 |     9 |     9 ||    42
       Potion            |       |       |     5 |     8 |     2 |     4 ||    19
 Stab: Sleeping          |     3 |     4 |     2 |     2 |     2 |     2 ||    15
  Eat: Chunk             |     3 |     7 |    13 |    26 |    72 |    53 ||   174
       Ration            |       |       |     2 |     5 |     8 |     8 ||    23
Armor: Robe              |    32 |    77 |   127 |   264 |   495 |   152 ||  1147
Dodge: Dodged            |    58 |   118 |   191 |   421 |   770 |   201 ||  1759
       Deflected         |       |     1 |    11 |    13 |    14 |       ||    39
       Rpst.: Great sword |       |       |    47 |   113 |   228 |    31 ||   419

Table legend:
 A = Non-vault XP
 B = Vault XP
 C = Vault XP percentage of total XP
 D = Non-vault monster count
 E = Vault monster count
 F = Vault count percentage of total count
                 A         B        C        D         E       F
            +---------+---------+-------+---------+---------+-------
      Total |  149747 |   85610 |  36.4 |     729 |     285 |  28.1
            +---------+---------+-------+---------+---------+-------
        D:1 |      32 |       5 |  13.5 |      16 |       1 |   5.9
        D:2 |      91 |       0 |   0.0 |      31 |       0 |   0.0
        D:3 |     144 |     245 |  63.0 |      34 |       2 |   5.6
        D:4 |     306 |      39 |  11.3 |      13 |       2 |  13.3
        D:5 |     168 |     112 |  40.0 |       6 |       1 |  14.3
        D:6 |     829 |       0 |   0.0 |      17 |       0 |   0.0
        D:7 |    1307 |       0 |   0.0 |      19 |       0 |   0.0
        D:8 |     864 |       0 |   0.0 |      23 |       0 |   0.0
        D:9 |    2862 |       0 |   0.0 |      38 |       0 |   0.0
       D:10 |    1842 |     867 |  32.0 |      28 |       1 |   3.4
       D:11 |    6163 |    1889 |  23.5 |      45 |      14 |  23.7
       D:12 |    5265 |     136 |   2.5 |      40 |       9 |  18.4
       D:13 |   10209 |    3569 |  25.9 |      42 |      27 |  39.1
       D:14 |    8377 |    3027 |  26.5 |      21 |       4 |  16.0
       D:15 |    9944 |    2791 |  21.9 |      35 |       5 |  12.5
     Lair:1 |    3475 |       0 |   0.0 |      17 |       0 |   0.0
     Lair:2 |    5077 |     926 |  15.4 |      16 |       6 |  27.3
     Lair:3 |    5887 |    1640 |  21.8 |      21 |      16 |  43.2
     Lair:4 |   11485 |    2646 |  18.7 |      40 |       6 |  13.0
     Lair:5 |    7300 |    1815 |  19.9 |      22 |      14 |  38.9
     Lair:6 |   14644 |   10221 |  41.1 |      46 |      30 |  39.5
      Orc:1 |    4655 |    1575 |  25.3 |      47 |       8 |  14.5
      Orc:2 |    2983 |   13446 |  81.8 |      40 |      67 |  62.6
      Elf:1 |   21624 |    9808 |  31.2 |      32 |      15 |  31.9
      Elf:2 |   13280 |     913 |   6.4 |      24 |       1 |   4.0
      Elf:3 |   10934 |   27137 |  71.3 |      16 |      19 |  54.3
    Ossuary |       0 |     245 | 100.0 |       0 |      27 | 100.0
      IceCv |       0 |    2558 | 100.0 |       0 |      10 | 100.0
            +---------+---------+-------+---------+---------+-------
